 Dungeon Crawl Stone Soup version 0.28-a0-906-g0406aca7d3 (webtiles) character file.

Game seed: 18010778465975629402

81 siradein the Shooter (level 4, -5/27 HPs)
             Began as a Gargoyle Hunter on Nov 23, 2021.
             Slain by an orc (8 damage)
             ... on level 3 of the Dungeon.
             The game lasted 00:04:13 (2247 turns).

siradein the Shooter (Gargoyle Hunter)              Turns: 2247, Time: 00:04:14

Health: -5/27      AC:  8    Str: 15    XL:     4   Next: 42%
Magic:  4/4        EV: 11    Int: 12    God:
Gold:   59         SH:  0    Dex: 11    Spells: 3/3 levels left

rFire   . . .      SeeInvis .   b - +0 short sword
rCold   . . .      Faith    .   (no shield)
rNeg    + . .      Spirit   .   g - +0 ring mail
rPois   ∞          Reflect  .   (no helmet)
rElec   +          Harm     .   (no cloak)
rCorr   .          Rampage  .   (no gloves)
Will    .....                   (no boots)
Stlth   +.........              (no amulet)
HPRegen 0.09/turn               (no ring)
MPRegen 0.09/turn               (no ring)

@: no status effects
A: sickness immunity, AC +3, negative energy resistance 1, electricity
resistance, torment resistance 1, petrification resistance
a: no special abilities


You were on level 3 of the Dungeon.
You visited 1 branch of the dungeon, and saw 4 of its levels.

You collected 59 gold pieces.

Inventory:

Hand Weapons
 a - a +1 shortbow
 b - a +0 short sword (weapon)
Missiles
 d - 41 arrows
 e - 14 stones (quivered)
 n - 4 javelins
Armour
 g - a +0 ring mail (worn)
Jewellery
 l - an amulet of the acrobat
Scrolls
 f - a scroll of identify {unknown}
 i - a scroll of holy word {unknown}
Potions
 c - a potion of might {unknown}
 h - a potion of resistance {unknown}
 j - 2 potions of curing {unknown}
 k - a potion of haste {unknown}
 m - a potion of flight {unknown}


   Skills:
 + Level 2.5 Fighting
 + Level 1.9 Short Blades
 + Level 4.5 Bows
 + Level 1.5 Armour
 + Level 1.9 Dodging
 - Level 1.1 Stealth


You had 3 spell levels left.
You didn't know any spells.
Your spell library contained the following spells:

 Spells                   Type           Power      Damage    Failure   Level
 Sandblast                Erth           0%         2d4       54%         1
 Passwall                 Tmut/Erth      0%         N/A       67%         2
 Stone Arrow              Conj/Erth      0%         3d7       88%         3


Dungeon Overview and Level Annotations

Branches:
Dungeon (4/15)
 Temple: D:4-7

Altars:
Vehumet


Innate Abilities, Weirdness & Mutations

You are immune to sickness and miasma.
Your stone body is resilient. (AC +3)
You are immune to poison.
You resist negative energy. (rN+)
You are resistant to electric shocks. (rElec)
You are resistant to unholy torment.
You are immune to petrification.


Message History

The orc barely misses you.
You hit the orc but do no damage.
The orc is heavily wounded.
The orc hits you but does no damage.
You hit the orc but do no damage.
The orc is heavily wounded.
The orc hits you with a +0 trident.
You hit the orc but do no damage.
The orc is heavily wounded.
The orc hits you with a +0 trident.
* * * LOW HITPOINT WARNING * * *
You hit the orc but do no damage.
The orc is heavily wounded.
The orc hits you but does no damage.
You hit the orc but do no damage.
The orc is heavily wounded.
The orc hits you but does no damage.
You barely miss the orc.
The orc is heavily wounded.
The orc hits you with a +0 trident.
* * * LOW HITPOINT WARNING * * *
You closely miss the orc.
The orc is heavily wounded.
The orc completely misses you.
You closely miss the orc.
The orc is heavily wounded.
The orc barely misses you.
You closely miss the orc.
The orc is heavily wounded.
The orc closely misses you.
You hit the orc but do no damage.
The orc is heavily wounded.
The orc hits you but does no damage.
You barely miss the orc.
The orc is heavily wounded.
The orc barely misses you.
You hit the orc but do no damage.
The orc is heavily wounded.
The orc hits you with a +0 trident!
You die...

##.>....#
###..####.#
##.#.## #....#
######...##
#....)....#
#.##...##.#
#..#o####o######
##.o.# #oo@...#
#..##
######......
##.## ....# #..#
##.. #..## .
#..o# ......#.#
#.#...#.o#
##..##l#


You could see 3 orcs.

Vanquished Creatures
  2 adders
  An adder skeleton (D:4)
  5 dart slugs
  3 orcs (D:4)
  3 endoplasms (D:1)
  4 giant cockroaches
  4 goblins
  4 hobgoblins
  3 kobolds
  5 quokkas
  2 ball pythons
  3 bats
  A frilled lizard (D:1)
  6 rats
46 creatures vanquished.

Notes
Turn   | Place    | Note
-------+----------+-------------------------------------------
     0 | D:1      | siradein the Gargoyle Hunter began the quest for the Orb.
     0 | D:1      | Reached XP level 1. HP: 12/12 MP: 1/1
   128 | D:1      | Reached XP level 2. HP: 14/17 MP: 2/2
   693 | D:1      | Reached XP level 3. HP: 8/21 MP: 3/3
  1046 | D:1      | Reached skill level 1 in Short Blades
  1273 | D:1      | Reached skill level 1 in Armour
  1285 | D:1      | Found a faded altar of an unknown god.
  1285 | D:1      | Noticed a cacodemon
  1939 | D:2      | You fall into a shaft and drop 2 floors!
  1960 | D:4      | Reached XP level 4. HP: 20/27 MP: 4/4
  1962 | D:4      | Found a radiant altar of Vehumet.
  2247 | D:3      | Slain by an orc

Illustrated notes

Levels and vault maps discovered:
D:1:      lemuel_arrival_muddy, layout_rooms, serial_glass, glass_columns_b,
          glass_columns_a, glass_columns_c, glass_columns_c, glass_columns_a,
          dreamdust_ecumenical_altar_sealed_demon
D:2:      layout_basic, minmay_fractal_squares_5
D:3:      layout_rooms, nicolae_overflow_crystal_walls
D:4:      layout_basic, lemuel_crystal_altar, overflow_temple_1_default,
          grunt_qazlal_clouds

Skill      XL: |  1  2  3 |
---------------+----------+-----
Short Blades   | 1 |  1.9
Armour         | 1 |  1.5
Fighting       | |  2.5
Bows           | |  4.5
Dodging        | |  1.9
Stealth        | |  1.1

Action                   |  1- 3 |  4- 6 || total
-------------------------+-------+-------++-------
Melee: Short sword       |   193 |    57 ||   250
Armor: Leather armour    |    20 |       ||    20
       Ring mail         |    67 |    20 ||    87
Dodge: Dodged            |   100 |    35 ||   135

Table legend: (Time is in decaauts)
 A = Elapsed time spent in this place.
 B = Non-inter-level travel time spent in this place.
 C = Inter-level travel time spent in this place.
 D = Time resting spent in this place.
 E = Time spent auto-exploring this place.
 F = Levels seen in this place.
 G = Mean time per level.
                   A        B        C        D        E       F      G
               +--------+--------+--------+--------+--------+-----+--------+
         Total |   2261 |   2220 |     41 |      0 |   1582 |   4 |  565.2 |
       Dungeon |   2261 |   2220 |     41 |      0 |   1582 |   4 |  565.2 |
               +--------+--------+--------+--------+--------+-----+--------+

Top non-repeatable levels by time:
     D:1: 1390 daAuts
     D:2: 563 daAuts
     D:4: 222 daAuts
     D:3: 86 daAuts
